 Dungeon Crawl Stone Soup version 0.23.2-1-ga50397a6bc (webtiles) character file.

Game seed: 4205147245581027984

85 Menchi the Skirmisher (level 4, -3/44 HPs)
             Began as a Naga Fighter on May 18, 2019.
             Slain by a worker ant (4 damage)
             ... on level 2 of the Dungeon.
             The game lasted 00:02:14 (2195 turns).

Menchi the Skirmisher (Naga Fighter)                Turns: 2195, Time: 00:02:15

Health: -3/44      AC:  4    Str: 19    XL:     4   Next: 48%
Magic:  4/4        EV:  8    Int:  8    God:
Gold:   130        SH:  0    Dex: 11    Spells: 3/3 levels left

rFire    . . .     SeeInvis +   h - +0 spear
rCold    . . .     Gourm    .   (no shield)
rNeg     . . .     Faith    .   b - +0 scale mail
rPois    +         Spirit   .   (no helmet)
rElec    .         Reflect  .   (no cloak)
rCorr    .         Harm     .   (no gloves)
MR       .....                  (no barding)
Stlth    ..........             (no amulet)
HPRegen  0.14/turn              (no ring)
MPRegen  0.09/turn              (no ring)

@: lethally poisoned (-3 -> -8), very slow
A: large, see invisible, deformed body, poison resistance, slowness 2, slow
metabolism 1, spit poison 1, AC +1
a: Spit Poison


You were on level 2 of the Dungeon.
You were not hungry.

You visited 1 branch of the dungeon, and saw 3 of its levels.

You collected 130 gold pieces.

Inventory:

Hand Weapons
 h - a +0 spear (weapon)
Armour
 b - a +0 scale mail (worn)
 c - a +0 shield
Scrolls
 a - a scroll of remove curse {unknown}
 i - a scroll of blinking {unknown}
 o - 2 scrolls of identify {unknown}
Potions
 d - a potion of might
 e - 2 potions of haste {unknown}
 g - a potion of agility {unknown}
 j - a potion of berserk rage {unknown}
 k - a potion of heal wounds {unknown}
 l - a potion of mutation {unknown}
 n - a potion of degeneration {unknown}
Comestibles
 f - 5 rations


   Skills:
 * Level 4.2 Fighting
 + Level 2.8 Polearms
 - Level 2.4 Armour
 + Level 1.3 Dodging
 - Level 2.4 Shields


You had 3 spell levels left.
You didn't know any spells.
Your spell library contained the following spells:

 Spells                   Type           Power        Failure   Level  Hunger
 Summon Small Mammal      Summ           #...         78%         1    ##.....
 Call Imp                 Summ           #.......     89%         2    ###....
 Call Canine Familiar     Summ           #.......     98%         3    ####...
 Summon Guardian Golem    Hex/Summ       #.......     98%         3    ####...
 Summon Ice Beast         Ice/Summ       #.......     100%        4    #####..
 Summon Lightning Spire   Summ/Air       #.......     100%        4    #####..


Dungeon Overview and Level Annotations

Branches:
Dungeon (3/15)

Altars:
Trog


Innate Abilities, Weirdness & Mutations

You cannot wear boots.
Your serpentine skin is tough. (AC +1)
You have supernaturally acute eyesight. (SInv)
Armour fits poorly on your strangely shaped body.
Your system is resistant to poisons. (rPois)
You cover ground very slowly.
You have a slow metabolism.
You can spit poison.


Message History

You hit the orc.
The orc is severely wounded.
The worker ant bites you.
You are poisoned.
The worker ant poisons you! The orc hits you with a +0 short sword.
You hit the orc but do no damage.
The orc is severely wounded.
You feel sick. The worker ant bites you.
* * * LOW HITPOINT WARNING * * *
The orc hits you but does no damage.
You closely miss the orc.
The orc is severely wounded.
You feel sick. The worker ant bites you.
* * * LOW HITPOINT WARNING * * *
The orc hits you with a +0 short sword.
* * * LOW HITPOINT WARNING * * *
You puncture the orc!
You kill the orc!
The worker ant bites you.
You die...

#.# #.# ###### ###############
#.# #....# #.............. #.#
#....# #.....#########
#.########....#####.....#########
........................'.......>
#.########....#.###.....#########
#....# #.....a.##.....# #..
+....# #####..@##.....# ####
#....###### #.).##.....# #^##
.........<# #...##.....# #...
########### #...##.#'### #...
#### ##.###.#.# #####.. ...######
#.# #.#.# #...##. ........## #.#
#.#.#######.### ##.####..# #.#
#...........# # #.#
##.######.#####.######### #


You could see a worker ant.

Vanquished Creatures
  Terence (D:2)
  An adder (D:3)
  A dart slug (D:1)
  4 leopard geckos
  2 orcs (D:2)
  3 giant cockroaches (D:1)
  3 goblins (D:1)
  5 hobgoblins
  5 jackals (D:1)
  A quokka (D:3)
  2 bats (D:2)
  4 frilled lizards
  4 kobolds
  4 rats
40 creatures vanquished.

Notes
Turn   | Place    | Note
-------+----------+-------------------------------------------
     0 | D:1      | Menchi the Naga Fighter began the quest for the Orb.
     0 | D:1      | Reached XP level 1. HP: 21/21 MP: 1/1
   292 | D:1      | Reached XP level 2. HP: 28/28 MP: 2/2
   574 | D:1      | Reached XP level 3. HP: 34/34 MP: 3/3
   749 | D:1      | You fall through a shaft!
   920 | D:2      | Noticed Terence
   936 | D:2      | Killed Terence
   936 | D:2      | Reached skill level 4 in Fighting
   936 | D:2      | Reached skill level 1 in Dodging
   936 | D:2      | Reached XP level 4. HP: 30/44 MP: 4/4
  1507 | D:2      | Found a bloodstained altar of Trog.
  2194 | D:2      | HP: 1/44 [orc/+0 short sword (5)]
  2195 | D:2      | Slain by a worker ant

Skill      XL: |  1  2  3 |
---------------+----------+-----
Fighting       | 4 |  4.2
Dodging        | 1 |  1.3
Polearms       | |  2.8
Armour         | |  2.4
Shields        | |  2.4

Action                   |  1- 3 |  4- 6 || total
-------------------------+-------+-------++-------
Melee: Trident           |    53 |       ||    53
       Spear             |    39 |    84 ||   123
 Abil: Spit Poison       |     1 |     2 ||     3
  Eat: Chunk             |       |     3 ||     3
Armor: Scale mail        |    34 |    31 ||    65
Dodge: Dodged            |    20 |    45 ||    65
